 Dungeon Crawl Stone Soup version 0.29-a0-23-ga79f92ac9c (webtiles) character file.

Game seed: 11245674112899215079

8306 riojii the Fighter (level 11, -4/76 HPs)
             Began as a Djinni Air Elementalist on Jan 31, 2022.
             Was a Follower of Hepliaklqana.
             Slain by a boulder beetle (24 damage)
             ... on level 13 of the Dungeon.
             The game lasted 00:23:51 (14369 turns).

riojii the Fighter (Djinni Air Elementalist)       Turns: 14369, Time: 00:23:51

Health: -4/76      AC: 11    Str:  7    XL:     11   Next: 53%
Gold:   537        EV: 14    Int: 21    God:    Hepliaklqana [*.....] SH:  0 Dex: 14

rFire   + + .      SeeInvis .   j - +3 dagger (vamp)
rCold   . . .      Faith    .   (no shield)
rNeg    + . .      Spirit   .   n - +2 leather armour {rN+}
rPois   ∞          Reflect  .   (no helmet)
rElec   .          Harm     .   s - +2 cloak
rCorr   .          Rampage  .   t - +1 pair of gloves
Will    +....                   (boots unavailable)
Stlth   ++........              a - amulet of the acrobat
HPRegen 0.22/turn               l - ring of protection from cold
MPRegen 0.00/turn               (no ring)

@: flying, hasted, studying Staves, very quick
A: reduced essence, sickness immunity, fire resistance 2, cold vulnerability 1,
float, innate caster, HP casting, extra vitality 1, claws 1, no potion heal 1
a: Renounce Religion, Recall Ancestor, Ancestor Identity


You were on level 13 of the Dungeon.
You worshipped Hepliaklqana.
Hepliaklqana was aware of your devotion.
You visited 2 branches of the dungeon, and saw 12 of its levels.

You collected 537 gold pieces.

Inventory:

Hand Weapons
 j - a +3 vampiric dagger (weapon)
Missiles
 h - a throwing net
Armour
 n - a +2 leather armour of positive energy (worn)
 s - a +2 cloak (worn)
 t - a +1 pair of gloves (worn)
Jewellery
 a - an amulet of the acrobat (around neck)
 l - a ring of protection from cold (left hand)
 w - a ring of protection from fire
Wands
 b - a wand of flame (10)
 o - a wand of iceblast (5)
Scrolls
 f - a scroll of identify
 k - 2 scrolls of holy word
 p - 4 scrolls of teleportation
 v - 2 scrolls of blinking
 x - a scroll of brand weapon
 y - a scroll of fog
Potions
 c - 2 potions of attraction
 d - 3 potions of brilliance
 e - 2 potions of lignification
 g - 7 potions of curing
 i - 2 potions of heal wounds
 m - a potion of haste
 q - 2 potions of berserk rage
 z - a potion of might


   Skills:
 * Level 10.0 Fighting
 + Level 6.9 Armour
 + Level 7.9 Dodging
 - Level 1.5 Stealth
 * Level 8.1 Spellcasting


You had 3 spell levels left.
You knew the following spells:

 Your Spells              Type           Power      Damage    Failure   Level
a - Shock                 Conj/Air       100%       1d9       1%          1
b - Static Discharge      Conj/Air       42%        N/A       1%          2
c - Swiftness             Air            42%        N/A       1%          3
d - Airstrike             Air            21%        N/A       3%          4
e - Sting                 Tmut/Pois      100%       1d8       1%          1
f - Searing Ray           Conj           84%        2d7       1%          2
g - Spider Form           Tmut/Pois      42%        N/A       1%          3
h - Lesser Beckoning      Tloc           42%        N/A       1%          3
i - Passage of Golubria   Tloc           42%        N/A       3%          4
Your spell library was empty.

Dungeon Overview and Level Annotations

Branches:
Dungeon (10/15)            Temple (1/1) D:7
   Lair: D:8-11         Orc: D:9-12

Altars:
Ashenzari
Cheibriados
Dithmenos
Elyvilon
Fedhas
Gozag
Hepliaklqana
Kikubaaqudgha
Makhleb
Nemelex Xobeh
Okawaru
Qazlal
Ru
Sif Muna
Trog
Uskayaw
Vehumet
Wu Jian
Xom
Yredelemnul
Zin
The Shining One

Shops:
D:6 *   D:8 *


Innate Abilities, Weirdness & Mutations

Your life essence is reduced to manifest your ancestor. (-10% HP)
You are immune to sickness and miasma.
You are immune to poison.
Your flesh is very heat resistant. (rF++)
You are vulnerable to cold. (rC-)
You float through the air rather than walking.
You learn spells naturally, not from books.
Your magical power is your life essence.
You have superior vitality. (+4 MHP)
You have sharp fingernails.
Potions are less effective at restoring your health.


Message History

The centaur shouts!
The centaur shoots an arrow.
The arrow closely misses you.
A centaur warrior comes into view.
The centaur shoots an arrow.
The arrow completely misses you.
The boulder beetle curls into a ball and begins rolling!
The centaur warrior wields a +0 shortbow.
The centaur warrior shoots an arrow.
The arrow closely misses you.
You see here a potion of curing.
g - 7 potions of curing (gained 1)
The centaur wields a +0 shortbow.
The centaur shoots an arrow.
The arrow completely misses you.
The centaur warrior shoots an arrow.
The arrow hits you.
The centaur shoots an arrow.
The arrow hits you.
The centaur shoots an arrow.
The arrow closely misses you.
The centaur shoots an arrow.
The arrow completely misses you.
The boulder beetle completely misses you.
The boulder beetle stops rolling and uncurls.
The centaur warrior shoots an arrow.
The arrow hits you!!
The centaur shoots an arrow.
The arrow closely misses you.
The centaur warrior shoots an arrow.
The arrow closely misses you.
The boulder beetle curls into a ball and begins rolling!
The boulder beetle completely misses you.
The boulder beetle stops rolling and uncurls.
There is a stone staircase leading down here.
You feel yourself speed up. The boulder beetle bites you!
Casting: Airstrike (dangerous; 3% risk of failure)
Confirm with . or Enter, or press ? or * to list all spells.
The boulder beetle is struck by an arc of lightning.
The boulder beetle is lightly wounded.
The centaur warrior is struck by an arc of lightning!
The centaur warrior is lightly wounded.
Something is struck by an arc of lightning.
The lightning grounds out.
The centaur shoots an arrow.
The arrow hits you.
Casting: Static Discharge (safe; 1% risk of failure)
Confirm with . or Enter, or press ? or * to list all spells.
The boulder beetle is struck by an arc of lightning.
The boulder beetle is lightly wounded.
The lightning grounds out.
The centaur shoots an arrow.
The arrow hits you!
* * * LOW HITPOINT WARNING * * *
The boulder beetle bites you!!
You die...

#.......#..#....W.
#.......#..####.##
#......9.W...# #
#.#.9c.W..c#.#
#.##.#c###......
#.##.#c# #.....#
#.##.#°# #.c...#
#.##.#c# #.....#
#...@Bc# #.....#
##.##### #.....#
#.# #.# #.# #.#
#.# #.. ###


You could see a boulder beetle, a centaur warrior, a gargoyle and 2 centaurs.

Vanquished Creatures
  A centaur warrior (D:10)
  Pikel (D:7)
  The ghost of riojii the Slasher, a novice MiFi (D:5)
  2 centaur zombies (D:10)
  A troll (D:8)
  2 wraiths
  Eustachio (D:4)
  7 yaks
  A steam dragon (D:8)
  3 water moccasins
  An orc warrior (D:9)
  An ice beast (D:7)
  7 ogres
  3 necrophages
  4 centaurs
  2 lemures (D:7)
  A kobold brigand (D:8)
  4 gnoll sergeants
  5 bullfrogs
  5 scorpions
  4 killer bees (D:7)
  11 wights
  A howler monkey (D:5)
  4 orc priests
  2 jellies (D:5)
  2 hounds
  3 iguanas
  2 centaur skeletons
  6 orc wizards
  Ijyb (D:5)
  A scorpion zombie (D:5)
  A killer bee zombie (D:8)
  A hound skeleton (D:4)
  22 gnolls
  7 adders
  2 howler monkey skeletons (D:7)
  A shadow imp (D:5)
  An ufetubus (D:5)
  An adder skeleton (D:4)
  A worm (D:2)
  26 orcs
  12 ball pythons
  10 bats
  9 endoplasms
  3 giant cockroaches
  9 goblins
  9 hobgoblins
  8 jackals (D:3)
  4 quokkas
  4 frilled lizards
  A goblin zombie (D:6)
  12 kobolds
  A quokka zombie (D:6)
  6 rats
241 creatures vanquished.

Vanquished Creatures (collateral kills)
  2 yaks (D:10)
  A bullfrog (D:9)
  A gnoll (D:10)
4 creatures vanquished.

Vanquished Creatures (others)
  3 ancestors
  An adder (D:3)
  A plant (D:2)
5 creatures vanquished.

Grand Total: 250 creatures vanquished

Notes
Turn   | Place    | Note
-------+----------+-------------------------------------------
     0 | D:1      | riojii the Djinni Air Elementalist began the quest for the
                  | Orb.
     0 | D:1      | Reached XP level 1. HP: 15/15 MP: 0/0
   213 | D:1      | Reached XP level 2. HP: 21/22 MP: 0/0
   715 | D:1      | Reached skill level 1 in Fighting
   743 | D:1      | Reached XP level 3. HP: 25/27 MP: 0/0
   743 | D:1      | Learned a level 1 spell: Sting
   773 | D:1      | Reached skill level 1 in Armour
  1011 | D:1      | Found a faded altar of an unknown god.
  1522 | D:2      | Reached XP level 4. HP: 27/32 MP: 0/0
  2404 | D:3      | Reached skill level 2 in Fighting
  2404 | D:3      | Noticed a necrophage
  2410 | D:3      | Reached XP level 5. HP: 26/38 MP: 0/0
  2410 | D:3      | Learned a level 2 spell: Searing Ray
  2410 | D:3      | Killed a necrophage
  2541 | D:3      | Noticed an ogre
  2559 | D:3      | Reached XP level 6. HP: 43/45 MP: 0/0
  2921 | D:3      | Found a glowing drain.
  2979 | D:3      | Killed an ogre
  2980 | D:3      | Reached skill level 3 in Fighting
  3620 | D:4      | Noticed a necrophage
  3626 | D:4      | Killed a necrophage
  3627 | D:4      | Reached XP level 7. HP: 38/50 MP: 0/0
  3627 | D:4      | Learned a level 3 spell: Spider Form
  4219 | D:4      | Noticed Eustachio
  4241 | D:4      | Killed Eustachio
  4242 | D:4      | Reached skill level 4 in Fighting
  4952 | D:4      | Reached XP level 8. HP: 49/58 MP: 0/0
  5230 | D:4      | Gained mutation: You occasionally shout uncontrollably at
                  | your foes. [potion of mutation]
  5230 | D:4      | Gained mutation: You are partially covered in iridescent
                  | scales. (AC +2) [potion of mutation]
  5231 | D:4      | Lost mutation: You occasionally shout uncontrollably at
                  | your foes. [potion of mutation]
  5231 | D:4      | Lost mutation: You are partially covered in iridescent
                  | scales. (AC +2) [potion of mutation]
  5231 | D:4      | Gained mutation: You have sharp fingernails. [potion of
                  | mutation]
  5231 | D:4      | Gained mutation: Potions are less effective at restoring
                  | your health. [potion of mutation]
  5257 | D:5      | Entered Level 5 of the Dungeon
  5315 | D:5      | Noticed Ijyb
  5327 | D:5      | Killed Ijyb
  5584 | D:5      | Reached skill level 5 in Fighting
  5630 | D:5      | Noticed a yak
  5654 | D:5      | Reached skill level 5 in Spellcasting
  5984 | D:5      | Killed a yak
  5985 | D:5      | Reached skill level 5 in Dodging
  5990 | D:5      | Reached XP level 9. HP: 55/66 MP: 0/0
  5990 | D:5      | Learned a level 3 spell: Lesser Beckoning
  6147 | D:5      | Reached skill level 6 in Fighting
  6345 | D:5      | Found a runed translucent gate.
  6346 | D:5      | Found a runed translucent gate.
  6346 | D:5      | Found a runed translucent gate.
  6372 | D:5      | Noticed riojii's ghost (novice MiFi)
  6744 | D:5      | Killed riojii's ghost
  7299 | D:6      | Found Qyehiy's Serpentskin Sales.
  7301 | D:6      | Reached skill level 7 in Fighting
  7583 | D:6      | Reached skill level 5 in Armour
  7670 | D:6      | Reached XP level 10. HP: 36/75 MP: 0/0
  8479 | D:7      | Found a staircase to the Ecumenical Temple.
  8483 | D:7      | Noticed Pikel
  8513 | D:7      | Killed Pikel
  8514 | D:7      | Reached skill level 8 in Fighting
  8828 | Temple   | Entered the Ecumenical Temple
  9040 | Temple   | Became a worshipper of Hepliaklqana the Forgotten
  9847 | D:8      | Found Ylotsile's Assorted Antiques.
 10137 | D:8      | Found an iron altar of Okawaru.
 10188 | D:8      | Found a basalt altar of Yredelemnul.
 10188 | D:8      | Found a sparkling altar of Nemelex Xobeh.
 10311 | D:8      | Identified the +0 buckler of Gamaomn {Harm rF- Str+7}
 10402 | D:8      | Reached * piety under Hepliaklqana
 11446 | D:9      | Reached skill level 9 in Fighting
 11549 | D:9      | Reached XP level 11. HP: 54/75 MP: 0/0
 11549 | D:9      | Learned a level 4 spell: Passage of Golubria
 12603 | D:10     | Entered Level 10 of the Dungeon
 13576 | D:10     | Noticed a centaur warrior
 13591 | D:10     | Killed a centaur warrior
 13850 | D:10     | Reached skill level 10 in Fighting
 14325 | D:10     | You are sucked into a shaft and drop 3 floors!
 14343 | D:13     | Noticed a boulder beetle
 14356 | D:13     | Noticed a centaur warrior
 14369 | D:13     | Slain by a boulder beetle

Illustrated notes

Levels and vault maps discovered:
D:1:      lemuel_arrival_lava_pool, layout_rooms, basic_ecumenical_altar,
          minmay_hexomino_f4
D:2:      layout_loops_ring, minmay_misc_feat_plants
D:3:      layout_loops_ring, cheibrodos_sewer_entry_sluice, minivault_14,
          lemuel_old_faithful
D:4:      layout_rooms, minmay_misc_feat_square, minmay_increasing_density,
          uniq_eustachio
D:5:      layout_basic, ebering_ghost_rock_garden, minmay_manual_maat, uniq_ijyb
D:6:      layout_rooms, enter_ossuary_4, hangedman_decor_clover_reticule,
          guppyfry_shop_venom
D:7:      layout_basic, minmay_temple_entry_waves, uniq_pikel
D:8:      layout_loops_cross, gammafunk_temple_overflow_claw, serial_shops, shop
D:9:      layout_long_grid
D:10:     layout_loops_ring
D:13:     layout_loops_cross, kennysheep_donut
Temple:   mainiacjoe_temple_bowtie_tessellation

Skill      XL: |  1  2  3  4  5  6  7  8  9 10 11 |
---------------+----------------------------------+-----
Fighting       | 1 2 3 4 5 7 9 10 | 10.0
Armour         | 1 2 3 4 5 6 |  6.9
Spellcasting   | 3 4 5 6 7 8 |  8.1
Dodging        | 3 4 5 6 7 |  7.9
Stealth        | |  1.5

Action                   |  1- 3 |  4- 6 |  7- 9 | 10-12 || total
-------------------------+-------+-------+-------+-------++-------
Melee: Dagger            |       |       |       |     2 ||     2
 Cast: Shock             |    82 |    89 |    92 |    51 ||   314
       Static Discharge  |     2 |    15 |    23 |    29 ||    69
       Searing Ray       |       |     3 |    34 |    30 ||    67
       Airstrike         |       |       |       |    91 ||    91
Invok: Ancestor Identity |       |       |       |     1 ||     1
  Use: Scroll            |     7 |     4 |     4 |    11 ||    26
       Potion            |       |       |     2 |     1 ||     3
Armor: Robe              |       |     3 |       |       ||     3
       Leather armour    |       |     4 |    14 |    19 ||    37
Dodge: Dodged            |     5 |     8 |    84 |    77 ||   174

Table legend: (Time is in decaauts)
 A = Elapsed time spent in this place.
 B = Non-inter-level travel time spent in this place.
 C = Inter-level travel time spent in this place.
 D = Time resting spent in this place.
 E = Time spent auto-exploring this place.
 F = Levels seen in this place.
 G = Mean time per level.
                   A        B        C        D        E       F      G
               +--------+--------+--------+--------+--------+-----+--------+
         Total |  14368 |  13922 |    446 |   1607 |  10756 |  12 | 1197.3 |
       Dungeon |  14121 |  13721 |    400 |   1607 |  10568 |  11 | 1283.7 |
        Temple |    246 |    200 |     46 |      0 |    188 |   1 |  246.0 |
               +--------+--------+--------+--------+--------+-----+--------+

Top non-repeatable levels by time:
    D:10: 1721 daAuts
     D:5: 1696 daAuts
     D:9: 1600 daAuts
     D:3: 1548 daAuts
     D:7: 1474 daAuts
     D:4: 1310 daAuts
     D:2: 1299 daAuts
     D:8: 1295 daAuts
     D:1: 1097 daAuts
     D:6: 1032 daAuts
  Temple: 246 daAuts
    D:13: 43 daAuts
